 Dungeon Crawl Stone Soup version 0.25-a0-843-g6944ee31a2 (webtiles) character file.

Game seed: 16513742152026624089, levelgen mode: deterministic

143 Esekla the Ducker (level 5, -2/23 HPs)
             Began as a Felid Skald on Apr 25, 2020.
             Was a Follower of Vehumet.
             Slain by a scorpion (7 damage)
             ... on level 6 of the Dungeon.
             The game lasted 00:36:19 (3876 turns).

Esekla the Ducker (Felid Skald)                     Turns: 3876, Time: 00:36:20

Health: -2/23      AC:  6    Str:  7    XL:     5   Next: 4%
Magic:  20/20      EV: 20    Int: 16    God:    Vehumet [*.....]
Gold:   353        SH:  0    Dex: 15    Spells: 4/10 levels left
                                        Lives:  0   Deaths: 1

rFire    + . .     SeeInvis +     - Unarmed
rCold    + . .     Gourm    .   (shield unavailable)
rNeg     . . .     Faith    .   (armour unavailable)
rPois    +         Spirit   .   (helmet unavailable)
rElec    +         Reflect  .   (cloak unavailable)
rCorr    +         Harm     .   (gloves unavailable)
MR       .....                  (boots unavailable)
Stlth    +++.......             f - amulet of magic regeneration
HPRegen  0.07/turn              g - ring of stealth
MPRegen  0.42/turn              s - ring of magical power

@: lethally poisoned (-2 -> -11), icy armour, resistant, hasted, very quick
A: very small, no armour, no weapons or thrown items, stealth, claws 1, fangs 3,
see invisible, carnivore, speed 1, shaggy fur 1, slow metabolism 1, sharp paws
a: Renounce Religion


You were on level 6 of the Dungeon.
You worshipped Vehumet.
Vehumet was aware of your devotion.
You were not hungry.

You visited 1 branch of the dungeon, and saw 6 of its levels.

You collected 353 gold pieces.

Inventory:

Jewellery
 f - an amulet of magic regeneration (around neck)
 g - a ring of stealth (left paw)
 k - an uncursed ring of protection from cold
 s - a ring of magical power (right paw)
Scrolls
 d - 2 scrolls of remove curse
 h - 2 scrolls of teleportation
 j - a scroll of immolation
Potions
 c - a potion of stabbing {unknown}
 e - 2 potions of haste
 i - a potion of invisibility {unknown}
 l - a potion of degeneration {unknown}
 m - 4 potions of flight
 o - a potion of brilliance {unknown}
Comestibles
 b - 5 rations


   Skills:
 + Level 2.4 Fighting
 + Level 4.9 Dodging
 - Level 3.2 Unarmed Combat
 * Level 3.4 Spellcasting
 - Level 3.6 Charms
 + Level 1.0 Translocations
 * Level 2.0 Ice Magic


You had 4 spell levels left.
You knew the following spells:

 Your Spells              Type           Power        Failure   Level  Hunger
a - Infusion              Chrm           ##..         4%          1    None
b - Shroud of Golubria    Chrm/Tloc      ##....       11%         2    ##.....
c - Ozocubu's Armour      Chrm/Ice       ##......     17%         3    ###....

Your spell library contained the following spells:

 Spells                   Type           Power        Failure   Level  Hunger
 Foxfire                  Conj/Fire      #...         19%         1    None
 Song of Slaying          Chrm           ##......     6%          2    ##.....
 Spectral Weapon          Hex/Chrm       Unusable     N/A         3    N/A

Dungeon Overview and Level Annotations

Branches:
Dungeon (5/15)             Temple (0/1) D:4

Altars:
Cheibriados
Gozag
Sif Muna
Vehumet
Xom
The Shining One

Annotations:
D:5 3 runed translucent doors, sanka's ghost, novice BaIE


Innate Abilities, Weirdness & Mutations

You cannot wear armour.
You are incapable of wielding weapons or throwing items.
Your paws allow you to move quietly. (Stealth)
You have sharp claws.
You have razor-sharp teeth.
You have supernaturally acute eyesight. (SInv)
You are carnivorous and can eat meat at any time.
You cover ground quickly.
You are covered in fur. (AC +1)
You have a slow metabolism.
Your sharp claws are effective at attacking unaware monsters.


Message History

You barely miss the scorpion.
You bite the scorpion, but do no damage.
The scorpion is severely wounded.
You feel sick. The scorpion misses you.
You feel yourself speed up.
* * * LOW HITPOINT WARNING * * *
You feel sick. The scorpion completely misses you.
It was a potion of resistance.
You feel protected. The scorpion barely misses you.
Okay, then.
You scratch the scorpion but do no damage.
The scorpion is severely wounded.
* * * LOW HITPOINT WARNING * * *
You feel sick.
You scratch the scorpion.
You bite the scorpion, but do no damage.
The scorpion is almost dead.
The scorpion stings you!
You die...

#...#### #.. #.#....#
#.# #.####.### #.#
##.# #...# #.# #..#
###.# #.# ##.## #.#
##.# #..# #.# ##..#
#.## #.###..## # #@#
#...#.## #.##s#
###...# #..>.# #.###
# ...s..>.....# ###
###.######[<....?.#
^...⌠≈.##.##........#
...#≈.⌠#..≈##..[....#
.#..≈.#≈.≈#.##......#
#.≈≈####..≈##......#


You could see a scorpion.

Vanquished Creatures
  A wight (D:6)
  A crimson imp (D:6)
  2 worker ants (D:6)
  A hound skeleton (D:4)
  A gnoll (D:1)
  3 adders
  A worm (D:4)
  3 dart slugs
  A leopard gecko (D:3)
  5 orcs
  2 ball pythons
  10 bats
  A giant cockroach (D:1)
  9 goblins
  7 hobgoblins
  A quokka (D:4)
  3 frilled lizards
  7 kobolds
  15 rats
74 creatures vanquished.

Vanquished Creatures (others)
  5 toadstools (D:1)
5 creatures vanquished.

Grand Total: 79 creatures vanquished

Notes
Turn   | Place    | Note
-------+----------+-------------------------------------------
     0 | D:1      | Esekla the Felid Skald began the quest for the Orb.
     0 | D:1      | Reached XP level 1. HP: 9/9 MP: 4/4
    94 | D:2      | Reached XP level 2. HP: 10/13 MP: 1/6
   130 | D:2      | Learned a level 2 spell: Shroud of Golubria
   357 | D:4      | Reached XP level 3. HP: 11/16 MP: 0/7
   367 | D:4      | Found a snail-covered altar of Cheibriados.
   480 | D:4      | Reached skill level 4 in Dodging
   554 | D:4      | Found a radiant altar of Vehumet.
   585 | D:4      | Became a worshipper of Vehumet
   647 | D:4      | Learned a level 3 spell: Ozocubu's Armour
   660 | D:4      | Upgraded the game from 0.25-a0-842-g81a31cfd23 to
                  | 0.25-a0-843-g6944ee31a2
   701 | D:5      | Entered Level 5 of the Dungeon
   845 | D:3      | Found a shimmering blue altar of Sif Muna.
  1538 | D:1      | Reached XP level 4. HP: 18/19 MP: 8/8
  1936 | D:1      | Reached * piety under Vehumet
  1936 | D:1      | Offered knowledge of Foxfire by Vehumet.
  2091 | D:2      | Found a glowing golden altar of the Shining One.
  2889 | D:3      | Reached skill level 1 in Ice Magic
  3627 | D:4      | Found a staircase to the Ecumenical Temple.
  3645 | D:5      | Found a runed translucent gate.
  3645 | D:5      | Found a runed translucent gate.
  3645 | D:5      | Found a runed translucent gate.
  3646 | D:5      | Found an opulent altar of Gozag.
  3646 | D:5      | Noticed sanka's ghost (novice BaIE)
  3654 | D:5      | You fall into a shaft and drop 1 floor!
  3712 | D:6      | Reached XP level 5. HP: 23/23 MP: 10/10
  3715 | D:6      | Reached skill level 1 in Translocations
  3755 | D:6      | Found a shimmering altar of Xom.
  3764 | D:6      | Splashed by a jelly's acid
  3765 | D:6      | Reached XP level 4. HP: -1/20 MP: 19/19
  3765 | D:6      | Found a shimmering altar of Xom.
  3863 | D:6      | Reached XP level 5. HP: 23/23 MP: 11/11
  3876 | D:6      | Slain by a scorpion

Levels and vault maps discovered:
D:1:      dpeg_arrival_rooms_with_view, layout_loops_ring,
          minmay_gold_behind_fungi, st_stairs_1
D:2:      layout_basic, lemuel_doored_altar, first_ration
D:3:      layout_basic, overflow_temple_1_default
D:4:      layout_loops_ring, lemuel_coloured_pillars_altar, old_standard_altar,
          kennysheep_slug_shrine, temple_doors_e, uniq_ijyb
D:5:      layout_cave_pools, lemuel_crystal_altar, ebering_ghost_gozag
D:6:      layout_rooms, overflow_temple_1_default, serial_shops, shop,
          basic_altar, portal_sewer_entry_d, tgw_xom

Skill      XL: |  1  2  3  4  5 |
---------------+----------------+-----
Dodging        | 4 |  4.9
Unarmed Combat | 3 |  3.2
Ice Magic      | 2 |  2.0
Spellcasting   | 3 |  3.4
Translocations | 1 |  1.0
Fighting       | |  2.4
Charms         | |  3.6

Action                   |  1- 3 |  4- 6 || total
-------------------------+-------+-------++-------
Melee: Unarmed           |   108 |   161 ||   269
       Bite              |     8 |     7 ||    15
 Cast: Infusion          |     8 |     1 ||     9
       Shroud of Golubri |     4 |     2 ||     6
       Ozocubu's Armour  |     6 |    10 ||    16
  Use: Scroll            |       |     8 ||     8
       Potion            |       |     4 ||     4
 Stab: Sleeping          |     4 |    11 ||    15
  Eat: Chunk             |     7 |     2 ||     9
Armor: Skin              |     9 |    25 ||    34
Dodge: Dodged            |   114 |   117 ||   231

Table legend:
 A = Non-vault XP
 B = Vault XP
 C = Vault XP percentage of total XP
 D = Non-vault monster count
 E = Vault monster count
 F = Vault count percentage of total count
                 A         B        C        D         E       F
            +---------+---------+-------+---------+---------+-------
      Total |     343 |      22 |   6.0 |      69 |       5 |   6.8
            +---------+---------+-------+---------+---------+-------
        D:1 |      39 |      18 |  31.6 |      27 |       4 |  12.9
        D:2 |      50 |       0 |   0.0 |      18 |       0 |   0.0
        D:3 |      27 |       0 |   0.0 |      12 |       0 |   0.0
        D:4 |      47 |       4 |   7.8 |       7 |       1 |  12.5
        D:6 |     180 |       0 |   0.0 |       5 |       0 |   0.0
            +---------+---------+-------+---------+---------+-------
